 Dungeon Sprint DCSS version 0.22-a0-389-g8519d86 (webtiles) character file.

9391 raistware the Warrior (level 11, -4/119 HPs)
             Began as a Purple Draconian Berserker on Apr 30, 2018.
             Was a High Priest of Trog.
             Slain by a 12-headed hydra (8 damage)
             ... while paralysed by a floating eye
             ... in the Dungeon (Sprint I: "Red Sonja").
             The game lasted 00:17:30 (1389 turns).

raistware the Warrior (Purple Draconian Berserker)  Turns: 1389, Time: 00:17:30

Health: -4/119     AC:  8    Str: 24    XL:     11   Next: 22%
Magic:  11/11      EV:  2    Int:  7    God:    Trog [*****.]
Gold:   340        SH:  0    Dex:  8    Spells: 10/10 levels left

rFire    . . .     SeeInvis +   s - +5 battleaxe (drain)
rCold    . . .     Gourm    .   (shield currently unavailable)
rNeg     . . .     Faith    .   (armour unavailable)
rPois    .         Spirit   .   (helmet restricted)
rElec    .         Reflect  .   (no cloak)
rCorr    .         Harm     .   (no gloves)
MR       +++..     Rnd*Rage +   m - +0 pair of boots {Fly} Stlth +.........NoTele +
                                (no amulet)
HPRegen  1.29/turn              l - ring of see invisible
MPRegen  0.12/turn              (no ring)

@: paralysed, flying, regenerating
A: breathe power, unfitting armour, horns 1, berserk 1, clumsy 1, sense
surroundings 1, cold-blooded, AC +7
a: Breathe Dispelling Energy, Berserk, Trog's Hand, Brothers in Arms, Renounce
Religion, Stop Flying


You were in the Dungeon.
You worshipped Trog.
Trog was extremely pleased with you.
You were not hungry.

You visited 1 branch You collected 1002 gold pieces.
You spent 662 gold pieces at shops.

Inventory:

Hand Weapons
 a - a +0 hand axe
 o - a +7 blowgun
 r - a +3 short sword of venom
 s - a +5 battleaxe of draining (weapon)
Missiles
 n - 10 curare-tipped needles
 q - 7 tomahawks of returning (quivered)
 t - 8 javelins of returning
Armour
 m - a +0 pair of boots of flying (worn)
Jewellery
 l - a ring of see invisible (left hand)
Wands
 i - a wand of polymorph (8)
Scrolls
 h - a scroll of blinking
 k - 2 scrolls of magic mapping {unknown}
 p - a scroll of acquirement {unknown}
Potions
 c - 3 potions of curing
 e - a potion of haste
 f - 2 potions of magic
 g - a potion of berserk rage
 j - 2 potions of agility
Comestibles
 b - 3 rations
 d - 10 chunks of flesh


   Skills:
 + Level 18.1 Fighting
 - Level 14.4 Axes
 + Level 6.9 Throwing
 + Level 13.1 Dodging


You had 10 spell levels left.
You didn't know any spells.

Dungeon Overview and Level Annotations

Branches:
Dungeon (1/1)

Altars:
Cheibriados
Dithmenos
Elyvilon
Fedhas
Gozag
Hepliaklqana
Kikubaaqudgha
Makhleb
Nemelex Xobeh
Okawaru
Qazlal
Ru
Sif Muna
Trog
Uskayaw
Vehumet
Wu Jian
Xom
Yredelemnul
Zin
The Shining One
Jiyva
Lugonu

Shops:
D [*%=(*[


Innate Abilities, Weirdness & Mutations

You can breathe bolts of dispelling energy.
Your rich purple scales are hard. (AC +7)
You cannot fit into any form of body armour.
You are cold-blooded and may be slowed by cold attacks.
You have a pair of small horns on your head.
You tend to lose your temper in combat.
You are clumsy. (Dex -2)
You passively map a small area around you.


Message History

Your cyclops goes berserk!
You feel somewhat more hungry. The 12-headed hydra barely misses you.
The 12-headed hydra bites you! x2; The 12-headed hydra misses you.
The 12-headed hydra bites you. The 12-headed hydra barely misses you.
The 12-headed hydra bites you! x3; The 12-headed hydra barely misses you.
The 12-headed hydra bites you. The 12-headed hydra barely misses you.
The floating eye gazes piercingly through you!
You suddenly lose the ability to move!
The 12-headed hydra bites you! x2
* * * LOW HITPOINT WARNING * * *
The 12-headed hydra bites you!
* * * LOW HITPOINT WARNING * * *
The 12-headed hydra bites you!
* * * LOW HITPOINT WARNING * * *
The 12-headed hydra bites you.
* * * LOW HITPOINT WARNING * * *
The 12-headed hydra bites you but does no damage. x2
The 12-headed hydra completely misses you.
The 12-headed hydra bites you!
You die...

#####################*
* *
..#..#§§§§÷§§.§§@DG$#
, ,*
..##§#§####§§§§§##C§+
..†§§#§# ##.§§## ##* ,
###§§§§#+ ###+# , ,
#+#### *, , , , ,
#.....# ,, * * , *+
#.....+, ,, * * , ,
###.9§# ** , .§.# * *


You could see a 12-headed hydra, a floating eye and a friendly cyclops
(berserk).

Vanquished Creatures
  Sonja (D)
  A deep troll (D)
  A lindwurm (D)
  8 shining eyes (D)
  A gargoyle (D)
  2 kobold demonologists (D)
  4 demonic crawlers (D)
  A slime creature (D)
  Sigmund (D)
  A yak (D)
  13 hogs (D)
  5 floating eyes (D)
  An ogre (D)
  A jelly (D)
  Ijyb (D)
  A ballistomycete (D)
  A ballistomycete spore (D)
44 creatures vanquished.

Vanquished Creatures (others)
  A gargoyle (D)
  A ballistomycete spore (D)
2 creatures vanquished.

Grand Total: 46 creatures vanquished

Notes
Turn   | Place    | Note
-------+----------+-------------------------------------------
     0 | D        | raistware the Draconian Berserker began the quest for the Orb.
     0 | D        | Reached XP level 1. HP: 19/19 MP: 1/1
     2 | D        | Noticed Ijyb
    13 | D        | Killed Ijyb
    13 | D        | Reached skill level 4 in Fighting
    13 | D        | Reached skill level 5 in Axes
    13 | D        | Reached XP level 2. HP: 28/28 MP: 2/2
    63 | D        | Noticed an ogre
    67 | D        | Killed an ogre
    67 | D        | Reached skill level 6 in Fighting
    67 | D        | Reached XP level 3. HP: 38/38 MP: 3/3
    67 | D        | Reached XP level 4. HP: 45/45 MP: 4/4
   124 | D        | Noticed Sigmund
   128 | D        | Killed Sigmund
   128 | D        | Reached ** piety under Trog
   128 | D        | Reached skill level 8 in Fighting
   128 | D        | Reached skill level 10 in Axes
   128 | D        | Reached XP level 5. HP: 56/56 MP: 5/5
   128 | D        | Reached XP level 6. HP: 62/62 MP: 6/6
   140 | D        | Found a burning altar of Makhleb.
   140 | D        | Found a viscous altar of Jiyva.
   140 | D        | Found a shimmering altar of Xom.
   140 | D        | Found a corrupted altar of Lugonu.
   140 | D        | Noticed a slime creature
   180 | D        | Killed a slime creature
   180 | D        | Reached skill level 9 in Fighting
   206 | D        | Killed a gargoyle
   347 | D        | Found a deep blue altar of Sif Muna.
   348 | D        | Found an ornate altar of the Wu Jian Council.
   349 | D        | Found a radiant altar of Vehumet.
   354 | D        | Reached skill level 10 in Fighting
   358 | D        | Found Zugh's Jewellery Emporium.
   358 | D        | Found an ancient bone altar of Kikubaaqudgha.
   358 | D        | Found a hazy altar of Hepliaklqana.
   358 | D        | Found a stormy altar of Qazlal.
   358 | D        | Found a hide-covered altar of Uskayaw.
   358 | D        | Found a blossoming altar of Fedhas.
   358 | D        | Found a bloodstained altar of Trog.
   358 | D        | Found an iron altar of Okawaru.
   358 | D        | Found a basalt altar of Yredelemnul.
   358 | D        | Found a glowing golden altar of the Shining One.
   358 | D        | Found a snail-covered altar of Cheibriados.
   358 | D        | Found a sacrificial altar of Ru.
   358 | D        | Found a glowing silver altar of Zin.
   358 | D        | Found a shadowy altar of Dithmenos.
   358 | D        | Found a white marble altar of Elyvilon.
   358 | D        | Noticed a yak
   367 | D        | Killed a yak
   367 | D        | Reached *** piety under Trog
   367 | D        | Your scales start taking on a rich purple colour.
   367 | D        | Reached XP level 7. HP: 67/73 MP: 7/7
   368 | D        | Found an opulent altar of Gozag.
   401 | D        | Found a sparkling altar of Nemelex Xobeh.
   405 | D        | Bought an uncursed ring of see invisible for 165 gold pieces
   417 | D        | Noticed Sonja
   428 | D        | Killed Sonja
   428 | D        | Reached skill level 11 in Fighting
   428 | D        | Reached XP level 8. HP: 57/83 MP: 8/8
   451 | D        | Found Hoxub's Antique Armour Boutique.
   459 | D        | Bought a pair of runed boots for 172 gold pieces
   727 | D        | Noticed a deep troll
   740 | D        | Killed a deep troll
   740 | D        | Reached skill level 13 in Fighting
   740 | D        | Reached skill level 5 in Dodging
   768 | D        | Found Zetio's Armour Emporium.
   911 | D        | Noticed a shining eye
   911 | D        | Noticed a shining eye
   911 | D        | Noticed a shining eye
   911 | D        | Gained mutation: You passively map a small area around you. [a shining eye]
   912 | D        | Noticed a shining eye
   912 | D        | Noticed a shining eye
   912 | D        | Noticed a shining eye
   915 | D        | Reached **** piety under Trog
   915 | D        | Gained mutation: You possess an exceptional clarity of mind. [a shining eye]
   918 | D        | Killed a shining eye
   918 | D        | Received a gift from Trog
   918 | D        | Reached skill level 14 in Fighting
   918 | D        | Reached XP level 9. HP: 95/95 MP: 9/9
   919 | D        | Noticed a shining eye
   919 | D        | Noticed a shining eye
   921 | D        | Gained mutation: You have a pair of small horns on your head. [a shining eye]
   924 | D        | Lost mutation: You possess an exceptional clarity of mind. [a shining eye]
   925 | D        | Killed a shining eye
   927 | D        | Killed a shining eye
   927 | D        | Reached skill level 15 in Fighting
   928 | D        | Gained mutation: You tend to lose your temper in combat. [a shining eye]
   929 | D        | Killed a shining eye
   929 | D        | Reached ***** piety under Trog
   929 | D        | Gained mutation: You are clumsy. (Dex -2) [a shining eye]
   931 | D        | Killed a shining eye
   931 | D        | Reached skill level 10 in Dodging
   931 | D        | Reached XP level 10. HP: 107/107 MP: 10/10
   932 | D        | Killed a shining eye
   932 | D        | Reached skill level 16 in Fighting
   937 | D        | Killed a shining eye
   937 | D        | Received a gift from Trog
   940 | D        | Killed a shining eye
   990 | D        | Found Ofunnied's Assorted Antiques.
   990 | D        | Found Plog's Food Emporium.
   991 | D        | Found Citeikh's Antique Weapon Shop.
   991 | D        | Found Helory's Assorted Antiques.
  1003 | D        | Bought a ration for 65 gold pieces
  1003 | D        | Bought a ration for 65 gold pieces
  1003 | D        | Bought a ration for 65 gold pieces
  1003 | D        | Bought a ration for 65 gold pieces
  1003 | D        | Bought a ration for 65 gold pieces
  1066 | D        | Reached skill level 1 in Throwing
  1069 | D        | Reached skill level 17 in Fighting
  1125 | D        | Received a gift from Trog
  1162 | D        | Noticed a gargoyle
  1175 | D        | Killed a gargoyle
  1220 | D        | Noticed a lindwurm
  1225 | D        | Killed a lindwurm
  1225 | D        | Reached skill level 5 in Throwing
  1235 | D        | Reached XP level 11. HP: 87/118 MP: 11/11
  1248 | D        | Received a gift from Trog
  1260 | D        | Reached ****** piety under Trog
  1278 | D        | Received a gift from Trog
  1283 | D        | Reached skill level 18 in Fighting
  1303 | D        | HP: 4/119 [hog (9)]
  1387 | D        | Noticed a 12-headed hydra
  1388 | D        | Paralysed by a floating eye for 2 turns
  1389 | D        | HP: 4/119 [12-headed hydra (6)]
  1389 | D        | Slain by a 12-headed hydra

Vault maps used:
D:        dungeon_sprint_1

Skill      XL: |  1  2  3  4  5  6  7  8  9 10 11 |
---------------+----------------------------------+-----
Fighting       | 4 6 8 10 11 14 15 17 18 | 18.1
Axes           | 5 8 10 12 14 | 14.4
Dodging        | 7 10 12 13 | 13.1
Throwing       | 5 6 |  6.9

Action                   |  1- 3 |  4- 6 |  7- 9 | 10-12 || total
-------------------------+-------+-------+-------+-------++-------
Melee: Hand axe          |    12 |    24 |    37 |    89 ||   162
       Tailslap          |     2 |     1 |     5 |    24 ||    32
       Headbutt          |       |       |     4 |    38 ||    42
       Battleaxe         |       |       |       |    17 ||    17
Invok: Berserk           |     2 |     3 |     3 |     4 ||    12
       Trog's Hand       |       |     1 |     2 |     4 ||     7
       Brothers in Arms  |       |       |       |     1 ||     1
 Abil: Breathe Dispellin |       |       |     2 |     1 ||     3
  Use: Potion            |       |       |       |     1 ||     1
  Eat: Ration            |       |     1 |     1 |     2 ||     4
       Chunk             |       |     1 |       |     2 ||     3
Armor: Skin              |       |     6 |     3 |    14 ||    23
Dodge: Dodged            |     1 |    11 |    13 |    74 ||    99

Table legend:
 A = Spawn XP
 B = Non-spawn XP
 C = Spawn XP percentage of total XP
 D = Spawn monster count
 E = Non-spawn monster count
 F = Spawn count percentage of total count
 G = Total turns spent on level
                    A         B        C        D         E        F      G
               +---------+---------+-------+---------+---------+-------+---------
         Total |       0 |   13417 |   0.0 |       0 |      42 |   0.0 |  1389
               +---------+---------+-------+---------+---------+-------+---------
             D |       0 |   13417 |   0.0 |       0 |      42 |   0.0 |  1389
               +---------+---------+-------+---------+---------+-------+---------
